[ AOE2 MATCH · #505529276 ]
UnrankedPortuguese vs Bengalis
Player's team · WIN
Rival team · LOSS
[ REPLAY ANALYSIS · EXTRACTED FROM THE RECORDED GAME ]
Feudal
12:06
Castle
21:25
Imperial
—
| APM avg | 88.1 |
| APM peak | 150 |
| eAPM avg | 48.6 |
| Villagers / military | 65 / 32 |
Focus
⚔️ 58.7% · 🌾 41.3%
Skirmisher ×19 · Archer ×4 · Militia ×4 · Mangonel ×4 · Spearman ×1
Feudal
10:30
Castle
14:15
Imperial
—
| APM avg | 43.6 |
| APM peak | 80 |
| eAPM avg | 22.5 |
| Villagers / military | 40 / 31 |
Focus
⚔️ 40.3% · 🌾 59.7%
Ratha (Ranged) ×24 · Mangonel ×5 · Monk ×1 · Scorpion ×1
Match map
Initial resources + every placement click. Lines = walls · curves = elevation contours. ◆ gold · ⬟ stone · ● berries · ✦ relic · ◌ wall gap
Your base· Open — 4t gap
Poxo's base· Open — unwalled flank
Smoothed initial terrain · ◌ = detected wall gap · hover for details
Inputs per minute
— Dobbs351 - - Poxo
Build order — Dobbs351
First 150 of 181 actions detected
| 0:01 | Create | Villager (Male) |
| 0:01 | Create | Villager (Male) |
| 0:02 | Build | House |
| 0:03 | Build | House |
| 0:14 | Create | Villager (Male) |
| 0:14 | Create | Villager (Male) |
| 1:22 | Create | Villager (Male) |
| 1:57 | Build | Lumber Camp |
| 2:01 | Create | Villager (Male) |
| 2:22 | Create | Villager (Male) |
| 2:22 | Create | Villager (Male) |
| 2:28 | Create | Villager (Male) |
| 3:13 | Create | Villager (Male) |
| 3:15 | Create | Villager (Male) |
| 3:15 | Create | Villager (Male) |
| 3:40 | Create | Villager (Male) |
| 3:40 | Create | Villager (Male) |
| 3:49 | Build | House |
| 4:32 | Create | Villager (Male) |
| 4:42 | Build | Barracks |
| 4:55 | Create | Villager (Male) |
| 5:12 | Create | Villager (Male) |
| 5:18 | Build | House |
| 5:34 | Create | Villager (Male) |
| 5:37 | Create | Militia |
| 6:02 | Create | Militia |
| 6:10 | Build | Palisade Wall |
| 6:14 | Create | Villager (Male) |
| 6:25 | Create | Militia |
| 6:29 | Build | Mill |
| 6:44 | Create | Villager (Male) |
| 7:05 | Create | Villager (Male) |
| 7:34 | Create | Villager (Male) |
| 7:37 | Create | Villager (Male) |
| 7:45 | Build | House |
| 7:48 | Research | Loom |
| 7:56 | Build | Palisade Wall |
| 8:09 | Create | Villager (Male) |
| 8:37 | Create | Villager (Male) |
| 8:52 | Build | Farm |
| 8:53 | Create | Villager (Male) |
| 9:04 | Create | Villager (Male) |
| 9:07 | Build | Palisade Wall |
| 9:18 | Build | Palisade Wall |
| 9:20 | Build | Palisade Wall |
| 9:22 | Build | Palisade Wall |
| 9:27 | Create | Villager (Male) |
| 9:38 | Build | Mining Camp |
| 9:56 | Research | Feudal Age |
| 9:56 | Research | Feudal Age |
| 10:17 | Build | Palisade Wall |
| 10:18 | Build | Palisade Wall |
| 10:18 | Build | Palisade Wall |
| 11:05 | Create | Villager (Male) |
| 11:19 | Build | Palisade Gate |
| 11:21 | Build | House |
| 11:28 | Build | Farm |
| 11:28 | Build | Farm |
| 11:28 | Build | Farm |
| 11:31 | Build | Farm |
| 11:35 | Create | Villager (Male) |
| 11:55 | Build | Palisade Gate |
| 11:57 | Build | Palisade Wall |
| 11:59 | Create | Villager (Male) |
| 12:06 | Age | Feudal Age |
| 12:14 | Build | Archery Range |
| 12:16 | Create | Villager (Male) |
| 12:25 | Research | Man-at-Arms (upgrade) |
| 12:26 | Create | Villager (Male) |
| 12:32 | Build | Farm |
| 12:33 | Build | House |
| 12:40 | Build | Farm |
| 12:47 | Build | Palisade Wall |
| 12:47 | Build | Palisade Wall |
| 12:48 | Build | Palisade Wall |
| 12:57 | Create | Spearman |
| 13:00 | Create | Villager (Male) |
| 13:01 | Build | Farm |
| 13:10 | Build | Blacksmith |
| 13:11 | Create | Archer |
| 13:26 | Create | Villager (Male) |
| 13:31 | Create | Archer |
| 13:31 | Create | Villager (Male) |
| 13:36 | Create | Archer |
| 13:40 | Create | Militia |
| 13:44 | Build | House |
| 13:54 | Build | Farm |
| 13:55 | Create | Villager (Male) |
| 14:08 | Create | Archer |
| 14:22 | Research | Fletching |
| 14:22 | Research | Fletching |
| 14:23 | Research | Padded Archer Armor |
| 14:23 | Research | Padded Archer Armor |
| 14:27 | Build | Farm |
| 14:27 | Create | Villager (Male) |
| 14:41 | Create | Villager (Male) |
| 14:43 | Create | Skirmisher |
| 15:02 | Build | House |
| 15:06 | Build | Farm |
| 15:08 | Build | Farm |
| 15:11 | Build | Farm |
| 15:11 | Build | Farm |
| 15:18 | Research | Double-Bit Axe |
| 15:18 | Research | Double-Bit Axe |
| 15:18 | Create | Villager (Male) |
| 15:38 | Build | House |
| 15:40 | Build | House |
| 15:43 | Create | Skirmisher |
| 15:56 | Create | Villager (Male) |
| 16:09 | Build | Lumber Camp |
| 16:12 | Create | Villager (Male) |
| 16:14 | Create | Skirmisher |
| 16:35 | Create | Skirmisher |
| 16:35 | Create | Villager (Male) |
| 16:38 | Build | House |
| 17:08 | Create | Skirmisher |
| 17:15 | Create | Villager (Male) |
| 17:25 | Build | Farm |
| 17:33 | Create | Skirmisher |
| 17:35 | Create | Villager (Male) |
| 17:41 | Create | Villager (Male) |
| 17:43 | Build | Farm |
| 18:01 | Create | Villager (Male) |
| 18:09 | Build | Market |
| 18:21 | Build | Farm |
| 18:45 | Research | Castle Age |
| 19:05 | Build | Watch Tower |
| 19:10 | Create | Villager (Male) |
| 19:13 | Create | Skirmisher |
| 19:19 | Build | House |
| 19:21 | Build | House |
| 19:29 | Create | Villager (Male) |
| 19:30 | Create | Skirmisher |
| 19:48 | Create | Skirmisher |
| 20:02 | Create | Villager (Male) |
| 20:03 | Create | Skirmisher |
| 20:06 | Build | Archery Range |
| 20:26 | Create | Villager (Male) |
| 20:27 | Create | Skirmisher |
| 20:28 | Build | Palisade Wall |
| 20:30 | Build | Palisade Wall |
| 20:34 | Build | House |
| 20:37 | Build | House |
| 20:50 | Create | Villager (Male) |
| 21:04 | Build | Lumber Camp |
| 21:06 | Create | Villager (Male) |
| 21:10 | Create | Villager (Male) |
| 21:18 | Create | Skirmisher |
| 21:18 | Create | Skirmisher |
| 21:25 | Age | Castle Age |
Build order — Poxo
117 actions detected in the replay
| 0:00 | Create | Villager (Male) |
| 0:00 | Create | Villager (Male) |
| 0:01 | Build | House |
| 0:02 | Build | House |
| 0:07 | Create | Villager (Male) |
| 0:11 | Create | Villager (Male) |
| 1:28 | Create | Villager (Male) |
| 1:59 | Create | Villager (Male) |
| 2:26 | Create | Villager (Male) |
| 2:29 | Create | Villager (Male) |
| 2:37 | Build | Lumber Camp |
| 2:41 | Create | Villager (Male) |
| 3:22 | Create | Villager (Male) |
| 3:26 | Create | Villager (Male) |
| 3:46 | Create | Villager (Male) |
| 3:48 | Build | House |
| 4:00 | Create | Villager (Male) |
| 4:31 | Create | Villager (Male) |
| 4:36 | Build | Mill |
| 4:48 | Create | Villager (Male) |
| 5:33 | Build | House |
| 6:04 | Create | Villager (Male) |
| 6:08 | Create | Villager (Male) |
| 6:28 | Build | Mining Camp |
| 6:56 | Create | Villager (Male) |
| 7:00 | Create | Villager (Male) |
| 7:22 | Research | Loom |
| 8:05 | Research | Feudal Age |
| 8:47 | Build | Palisade Wall |
| 8:48 | Build | Palisade Wall |
| 8:49 | Build | Palisade Wall |
| 8:56 | Build | House |
| 10:30 | Age | Feudal Age |
| 10:36 | Build | Market |
| 10:38 | Build | Blacksmith |
| 10:56 | Build | Palisade Wall |
| 10:57 | Build | Palisade Wall |
| 11:35 | Research | Castle Age |
| 11:49 | Build | House |
| 12:36 | Research | Double-Bit Axe |
| 13:07 | Build | House |
| 13:12 | Build | Farm |
| 13:13 | Build | Farm |
| 13:35 | Build | Farm |
| 13:38 | Build | Farm |
| 13:58 | Build | Palisade Wall |
| 13:59 | Build | Palisade Wall |
| 14:00 | Build | Palisade Wall |
| 14:15 | Age | Castle Age |
| 14:29 | Build | Castle |
| 14:43 | Create | Villager (Male) |
| 14:43 | Create | Villager (Male) |
| 14:45 | Build | Farm |
| 14:47 | Build | Palisade Wall |
| 14:49 | Build | Palisade Wall |
| 14:57 | Build | Palisade Wall |
| 15:06 | Build | Mining Camp |
| 15:11 | Research | Padded Archer Armor |
| 15:28 | Build | Farm |
| 15:40 | Create | Ratha (Ranged) |
| 15:40 | Create | Ratha (Ranged) |
| 15:44 | Build | Farm |
| 15:49 | Create | Villager (Male) |
| 16:02 | Build | Monastery |
| 16:14 | Create | Ratha (Ranged) |
| 16:25 | Create | Villager (Male) |
| 16:28 | Create | Ratha (Ranged) |
| 16:48 | Create | Villager (Male) |
| 16:56 | Create | Ratha (Ranged) |
| 17:12 | Create | Villager (Male) |
| 17:16 | Create | Ratha (Ranged) |
| 17:27 | Create | Ratha (Ranged) |
| 17:39 | Create | Ratha (Ranged) |
| 17:41 | Create | Villager (Male) |
| 17:57 | Build | Siege Workshop |
| 18:06 | Build | Siege Workshop |
| 18:07 | Create | Monk |
| 18:08 | Create | Ratha (Ranged) |
| 18:17 | Create | Villager (Male) |
| 18:35 | Build | Farm |
| 18:39 | Create | Ratha (Ranged) |
| 18:51 | Create | Ratha (Ranged) |
| 18:58 | Create | Villager (Male) |
| 18:59 | Create | Ratha (Ranged) |
| 19:20 | Create | Mangonel |
| 19:27 | Build | Outpost |
| 19:44 | Create | Villager (Male) |
| 19:51 | Build | House |
| 20:14 | Create | Ratha (Ranged) |
| 20:20 | Create | Ratha (Ranged) |
| 20:25 | Create | Ratha (Ranged) |
| 20:31 | Create | Ratha (Ranged) |
| 20:36 | Create | Ratha (Ranged) |
| 20:40 | Create | Mangonel |
| 20:41 | Create | Villager (Male) |
| 20:41 | Create | Villager (Male) |
| 20:41 | Create | Ratha (Ranged) |
| 21:22 | Create | Villager (Male) |
| 21:42 | Create | Ratha (Ranged) |
| 22:04 | Create | Scorpion |
| 22:08 | Create | Ratha (Ranged) |
| 22:22 | Create | Mangonel |
| 22:28 | Build | House |
| 22:29 | Create | Villager (Male) |
| 22:40 | Build | Outpost |
| 22:58 | Create | Villager (Male) |
| 23:10 | Build | House |
| 23:12 | Create | Ratha (Ranged) |
| 23:13 | Create | Ratha (Ranged) |
| 23:31 | Create | Mangonel |
| 23:54 | Create | Ratha (Ranged) |
| 23:56 | Create | Villager (Male) |
| 24:04 | Build | House |
| 24:41 | Create | Mangonel |
| 24:43 | Create | Ratha (Ranged) |
| 24:47 | Create | Villager (Male) ×5 |
| 24:48 | Build | Farm |
Match timeline
| 4:42 | Dobbs351 · first_building Barracks |
| 6:10 | Dobbs351 · wall_segment Palisade Wall x8 |
| 7:56 | Dobbs351 · wall_segment Palisade Wall x16 |
| 8:47 | Poxo · wall_segment Palisade Wall x1 |
| 8:48 | Poxo · wall_segment Palisade Wall x1 |
| 8:49 | Poxo · wall_segment Palisade Wall x1 |
| 9:07 | Dobbs351 · wall_segment Palisade Wall x2 |
| 9:18 | Dobbs351 · wall_segment Palisade Wall x1 |
| 9:20 | Dobbs351 · wall_segment Palisade Wall x1 |
| 9:22 | Dobbs351 · wall_segment Palisade Wall x7 |
| 10:17 | Dobbs351 · wall_segment Palisade Wall x1 |
| 10:18 | Dobbs351 · wall_segment Palisade Wall x1 |
| 10:18 | Dobbs351 · wall_segment Palisade Wall x1 |
| 10:30 | Poxo · age_up feudal |
| 10:56 | Poxo · wall_segment Palisade Wall x1 |
| 10:57 | Poxo · wall_segment Palisade Wall x1 |
| 11:25 | Poxo · first_market_sell 100 stone |
| 11:26 | Poxo · first_market_buy 100 food |
| 11:57 | Dobbs351 · wall_segment Palisade Wall x1 |
| 12:06 | Dobbs351 · age_up feudal |
| 12:14 | Dobbs351 · first_building Archery Range |
| 12:47 | Dobbs351 · wall_segment Palisade Wall x1 |
| 12:47 | Dobbs351 · wall_segment Palisade Wall x1 |
| 12:48 | Dobbs351 · wall_segment Palisade Wall x1 |
| 13:58 | Poxo · wall_segment Palisade Wall x1 |
| 13:59 | Poxo · wall_segment Palisade Wall x1 |
| 14:00 | Poxo · wall_segment Palisade Wall x1 |
| 14:15 | Poxo · age_up castle |
| 14:29 | Poxo · first_building Castle |
| 14:47 | Poxo · wall_segment Palisade Wall x1 |
| 14:49 | Poxo · wall_segment Palisade Wall x1 |
| 14:57 | Poxo · wall_segment Palisade Wall x1 |
| 16:02 | Poxo · first_building Monastery |
| 17:57 | Poxo · first_building Siege Workshop |
| 20:28 | Dobbs351 · wall_segment Palisade Wall x1 |
| 20:30 | Dobbs351 · wall_segment Palisade Wall x1 |
| 21:25 | Dobbs351 · age_up castle |
| 21:26 | Dobbs351 · first_building Siege Workshop |
| 21:33 | Dobbs351 · first_market_buy 100 wood |
| 22:52 | Dobbs351 · first_market_sell 100 food |
| 25:25 | Poxo · resign |
[ AI ANALYSIS · 1 CREDIT ]
What really happened in this match?
Wolo.gg analyzes every decision: build order, eco, micro, common mistakes by bracket. Personalized analysis on WhatsApp or Discord in 30 seconds.
Civ guide
Portuguese
Perfil
Jugador #246423